 Dungeon Crawl Stone Soup version 0.22-a0-49-g614aadd271 (webtiles) character file.

3049 Cheet4h the Carver (level 9, -4/121 HPs)
             Began as a Grey Draconian Berserker on Jan 8, 2018.
             Was an Elder of Trog.
             Slain by Grum
             ... wielding a +0 spear
              (11 damage)
             ... on level 8 of the Dungeon.
             The game lasted 00:14:58 (6712 turns).

Cheet4h the Carver (Grey Draconian Berserker)       Turns: 6712, Time: 00:14:58

Health: -4/121     AC: 15    Str: 27    XL:     9   Next: 57%
Magic:  9/9        EV: 18    Int:  7    God:    Trog [****..]
Gold:   444        SH:  0    Dex: 12    Spells: 8/8 levels left

rFire    . . .     SeeInvis .   a - +1 great sword
rCold    . . .     Gourm    .   (shield currently unavailable)
rNeg     . . .     Faith    .   (armour unavailable)
rPois    .         Spirit   .   (helmet restricted)
rElec    .         Reflect  .   q - +2 cloak
rCorr    .         Harm     .   (no gloves)
MR       .....                  (no boots)
Stlth    ..........             (no amulet)
HPRegen  0.30/turn              j - +3 ring of evasion
MPRegen  0.11/turn              B - ring of stealth

@: berserking, very quick
A: walk through water, unfitting armour, claws 1, horns 1, unbreathing,
cold-blooded, AC +12
a: Berserk, Trog's Hand, Brothers in Arms, Burn Spellbooks, Renounce Religion


You were on level 8 of the Dungeon.
You worshipped Trog.
Trog was greatly pleased with you.
You were near starving.

You visited 2 branches of the dungeon, and saw 10 of its levels.

You collected 444 gold pieces.

Inventory:

Hand Weapons
 a - a +1 great sword (weapon)
 b - a +0 shortbow
 i - a +3 falchion of holy wrath
 x - a +6 falchion of slicing
Missiles
 p - 56 arrows
Armour
 q - a +2 cloak (worn)
Jewellery
 j - a +3 ring of evasion (left claw)
 B - a ring of stealth (right claw)
Wands
 u - a wand of digging (21)
 A - a wand of polymorph (17)
Scrolls
 c - 5 scrolls of remove curse
 d - 4 scrolls of teleportation
 l - a scroll of fear
 y - a scroll of magic mapping
 z - a scroll of blinking
 C - a scroll of random uselessness {unknown}
Potions
 e - a potion of haste
 f - a potion of might
 h - a potion of agility
 k - 10 potions of curing
 m - a potion of ambrosia {unknown}
 n - a potion of lignification {unknown}
 o - a potion of heal wounds
 r - 2 potions of degeneration
 s - 2 potions of berserk rage {unknown}
 t - 3 potions of cancellation {unknown}
 v - 3 potions of resistance
 w - 2 potions of flight {unknown}
Comestibles
 g - 7 rations


   Skills:
 * Level 8.1 Fighting
 * Level 9.4 Long Blades
 + Level 2.4 Bows
 * Level 6.7 Dodging


You had 8 spell levels left.
You didn't know any spells.

Dungeon Overview and Level Annotations

Branches:
Dungeon (9/15)             Temple (1/1) D:6
   Lair: D:8-11         Orc: D:9-12

Altars:
Ashenzari
Cheibriados
Elyvilon
Gozag
Hepliaklqana
Kikubaaqudgha
Makhleb
Nemelex Xobeh
Qazlal
Sif Muna
Trog
Uskayaw
Vehumet
Xom
Yredelemnul
Zin
Lugonu

Shops:
D:5 (

Annotations:
D:8 Grum


Innate Abilities, Weirdness & Mutations

You can walk through water.
Your dull iron-grey scales are very hard. (AC +12)
You cannot fit into any form of body armour.
You can survive without breathing.
You are cold-blooded and may be slowed by cold attacks.
You have sharp fingernails.
You have a pair of small horns on your head.


Message History

You slash Grum!
Grum is heavily wounded.
Grum hits you with a spear!
* * * LOW HITPOINT WARNING * * *
Grum hits you with a spear.
* * * LOW HITPOINT WARNING * * *
You hit Grum but do no damage. You headbutt Grum.
Your tail-slap misses Grum.
Grum is severely wounded.
Grum hits you with a spear!
* * * LOW HITPOINT WARNING * * *
You hit Grum. You headbutt Grum.
Grum is severely wounded.
Grum hits you but does no damage. Grum hits you from afar with a spear.
* * * LOW HITPOINT WARNING * * *
A red film seems to cover your vision as you go berserk!
You feel yourself moving faster!
You feel mighty!
You are near starving!
Grum hits you from afar with a spear!
You die...

######## #......#
#......# #########......#
## #..>...=.......+ .##
#.#.#####......###..#####
#.#............'@†g......
..#####........####..####
### #........# (#
#...###### .. #...# (.
#...# .. #####...# #
###<......# ...)÷.....#


You could see Grum.

Vanquished Creatures
  Psyche (D:8)
  Sigmund (D:3)
  Eustachio (D:4)
  A hungry ghost (D:8)
  Menkaure (D:4)
  Duvessa (D:4)
  An ice beast (D:8)
  A phantom (D:4)
  4 wolves (D:8)
  A centaur (D:6)
  2 bullfrogs
  2 scorpions
  A water moccasin skeleton (D:3)
  Dowan (D:4)
  7 killer bees (D:7)
  A howler monkey (D:5)
  2 crimson imps
  6 hounds
  Crazy Yiuf (D:3)
  2 orc priests (D:8)
  2 orc wizards
  Terence (D:3)
  An iguana (D:5)
  7 worker ants
  A hound skeleton (D:6)
  A howler monkey zombie (D:5)
  5 adders
  2 shadow imps
  2 oozes
  A worm (D:2)
  A dart slug (D:1)
  2 leopard geckos
  20 orcs
  2 ball pythons (D:3)
  8 giant cockroaches
  7 goblins
  11 hobgoblins
  2 jackals (D:7)
  7 kobolds
  5 quokkas
  7 bats
  6 frilled lizards
  13 rats
  A spectral orc (D:6)
153 creatures vanquished.

Notes
Turn   | Place    | Note
-------+----------+-------------------------------------------
     0 | D:1      | Cheet4h the Draconian Berserker began the quest for the Orb.
     0 | D:1      | Reached XP level 1. HP: 19/19 MP: 1/1
   240 | D:1      | Reached XP level 2. HP: 26/26 MP: 2/2
   657 | D:2      | Reached skill level 4 in Long Blades
   860 | D:2      | Reached XP level 3. HP: 23/31 MP: 3/3
  1436 | D:2      | Reached XP level 4. HP: 37/38 MP: 4/4
  1549 | D:2      | Found a shattered altar of Ashenzari.
  1688 | D:3      | Noticed Sigmund
  1696 | D:2      | Reached skill level 5 in Long Blades
  1861 | D:2      | Reached ** piety under Trog
  1872 | D:3      | Killed Sigmund
  1872 | D:3      | Reached skill level 6 in Long Blades
  1872 | D:3      | Reached XP level 5. HP: 45/45 MP: 5/5
  2051 | D:3      | Found a runed door.
  2163 | D:3      | Reached XP level 6. HP: 51/51 MP: 6/6
  2215 | D:3      | Found an ancient bone altar of Kikubaaqudgha.
  2300 | D:3      | Found a deep blue altar of Sif Muna.
  2535 | D:3      | Noticed Terence
  2549 | D:3      | Killed Terence
  2761 | D:3      | Noticed Crazy Yiuf
  2771 | D:3      | Killed Crazy Yiuf
  2875 | D:4      | Noticed Duvessa
  2875 | D:4      | Noticed Dowan
  2900 | D:4      | Killed Dowan
  2900 | D:4      | Reached skill level 7 in Long Blades
  2908 | D:4      | Noticed Menkaure
  2910 | D:4      | Killed Duvessa
  2910 | D:4      | Your scales start taking on a dull iron-grey colour.
  2910 | D:4      | Reached XP level 7. HP: 47/60 MP: 7/7
  2910 | D:4      | Gained mutation: You can survive without breathing. [Grey Draconian growth]
  3032 | D:4      | Killed Menkaure
  3109 | D:3      | Reached skill level 5 in Fighting
  3554 | D:4      | Noticed Eustachio
  3569 | D:4      | Killed Eustachio
  3569 | D:4      | Reached XP level 8. HP: 70/70 MP: 8/8
  3943 | D:4      | Reached skill level 8 in Long Blades
  4101 | D:5      | Entered Level 5 of the Dungeon
  4156 | D:5      | Found a sparkling altar of Nemelex Xobeh.
  4163 | D:5      | Reached skill level 5 in Dodging
  4423 | D:5      | Gained mutation: Your body sometimes deteriorates upon taking damage. [potion of mutation]
  4423 | D:5      | Gained mutation: You have sharp toenails. [potion of mutation]
  4424 | D:5      | Lost mutation: You have sharp toenails. [potion of mutation]
  4424 | D:5      | Lost mutation: Your body sometimes deteriorates upon taking damage. [potion of mutation]
  4424 | D:5      | Gained mutation: You passively map a small area around you. [potion of mutation]
  4424 | D:5      | Gained mutation: You are frail. (-10% HP) [potion of mutation]
  4424 | D:5      | Gained mutation: You are resistant to hostile enchantments. (MR+) [potion of mutation]
  4425 | D:5      | Lost mutation: You are resistant to hostile enchantments. (MR+) [potion of mutation]
  4425 | D:5      | Lost mutation: You are frail. (-10% HP) [potion of mutation]
  4425 | D:5      | Lost mutation: You passively map a small area around you. [potion of mutation]
  4425 | D:5      | Gained mutation: You have a pair of small horns on your head. [potion of mutation]
  4425 | D:5      | Gained mutation: You have sharp fingernails. [potion of mutation]
  4428 | D:5      | Found Ocomiq's Antique Weapon Boutique.
  4512 | D:5      | Reached *** piety under Trog
  4577 | D:5      | Found a bloodstained altar of Trog.
  5012 | D:6      | Found a basalt altar of Yredelemnul.
  5253 | D:6      | Found a staircase to the Ecumenical Temple.
  5258 | Temple   | Entered the Ecumenical Temple
  5410 | D:6      | You fall through a shaft for 3 floors!
  5570 | D:6      | Reached skill level 1 in Bows
  5978 | D:7      | Reached XP level 9. HP: 66/79 MP: 9/9
  6171 | D:7      | Found a burning altar of Makhleb.
  6171 | D:7      | Noticed an Executioner
  6261 | D:7      | Reached skill level 9 in Long Blades
  6379 | D:8      | Reached **** piety under Trog
  6472 | D:8      | Noticed Psyche
  6475 | D:8      | Killed Psyche
  6682 | D:8      | Noticed Grum
  6712 | D:8      | Slain by Grum

Vault maps used:
D:1:      dpeg_arrival_rooms_a, hangedman_decor_points
D:2:      old_standard_altar
D:3:      lemuel_round_altar, overflow_temple_1_default, first_ration,
          kennysheep_generic_room_4, uniq_sigmund, uniq_crazy_yiuf_cottage,
          uniq_terence
D:4:      uniq_duvessa, uniq_menkaure, uniq_eustachio
D:5:      nemelex_xobeh_ov_fountains_minmay, lemuel_crystal_altar, serial_shops,
          shop
D:6:      yredelemnul_forgotten_temple_becter, temple_statues
D:7:      makhleb_altar_promises_db
D:8:      grunt_dithmenos_smoke_and_mirrors, minitemple, uniq_psyche, uniq_grum,
          uniq_joseph
D:9:      nicolae_tso_carved_into_rock, orc_0_dummy, uniq_erica, uniq_pikel
Temple:   corrupted_temple

Skill      XL: |  1  2  3  4  5  6  7  8  9 |
---------------+----------------------------+-----
Long Blades    | 4 6 7 8 9 |  9.4
Dodging        | 3 4 5 6 |  6.7
Fighting       | 4 5 7 8 |  8.1
Bows           | 1 2 |  2.4

Action                   |  1- 3 |  4- 6 |  7- 9 || total
-------------------------+-------+-------+-------++-------
Melee: Falchion          |    71 |   133 |   106 ||   310
       Tailslap          |    10 |    20 |    33 ||    63
       Great sword       |       |       |   101 ||   101
       Headbutt          |       |       |    30 ||    30
 Fire: Shortbow          |       |       |    17 ||    17
Invok: Berserk           |     1 |     4 |     4 ||     9
       Trog's Hand       |       |     2 |     2 ||     4
  Use: Scroll            |     4 |     2 |    11 ||    17
       Potion            |     1 |       |     3 ||     4
 Stab: Sleeping          |       |     1 |     1 ||     2
  Eat: Chunk             |     2 |     9 |    13 ||    24
       Ration            |       |       |     1 ||     1
Armor: Skin              |    10 |    27 |    71 ||   108
Dodge: Dodged            |    61 |   112 |   217 ||   390
       Rpst.: Falchion   |    23 |    43 |    21 ||    87
       Great sword       |       |       |    34 ||    34

Table legend:
 A = Spawn XP
 B = Non-spawn XP
 C = Spawn XP percentage of total XP
 D = Spawn monster count
 E = Non-spawn monster count
 F = Spawn count percentage of total count
 G = Total turns spent on level
                    A         B        C        D         E        F      G
               +---------+---------+-------+---------+---------+-------+---------
         Total |       0 |    4357 |   0.0 |       0 |     153 |   0.0 |  6712
               +---------+---------+-------+---------+---------+-------+---------
           D:1 |       0 |      24 |   0.0 |       0 |      14 |   0.0 |   609
           D:2 |       0 |      91 |   0.0 |       0 |      26 |   0.0 |  1308
           D:3 |       0 |     579 |   0.0 |       0 |      34 |   0.0 |  1158
           D:4 |       0 |    1013 |   0.0 |       0 |      20 |   0.0 |  1105
           D:5 |       0 |     291 |   0.0 |       0 |      12 |   0.0 |   622
           D:6 |       0 |     279 |   0.0 |       0 |      11 |   0.0 |   793
           D:7 |       0 |     699 |   0.0 |       0 |      18 |   0.0 |   598
           D:8 |       0 |    1381 |   0.0 |       0 |      18 |   0.0 |   470
               +---------+---------+-------+---------+---------+-------+---------
